 Dungeon Crawl Stone Soup version 0.23.2-40-g277498a001 (webtiles) character file.

Game seed: 8006988196828615938

223 Marnok the Poker (level 6, -2/47 HPs)
             Began as an Octopode Chaos Knight on Oct 11, 2019.
             Was a Plaything of Xom.
             Slain by a centaur skeleton (7 damage)
             ... on level 4 of the Dungeon.
             The game lasted 00:09:16 (2880 turns).

Marnok the Poker (Octopode Chaos Knight)            Turns: 2880, Time: 00:09:17

Health: -2/47      AC:  1    Str: 13    XL:     6   Next: 0%
Magic:  0/0        EV: 11    Int: 17    God:    Xom [...*..]
Gold:   172        SH:  7    Dex: 13    Spells: 5/5 levels left

rFire    . . .     SeeInvis .   a - +0 spear (chaos)
rCold    . . .     Gourm    .   q - +0 shield
rNeg     . . .     Faith    .   (helmet restricted)
rPois    .         Spirit   .   (no amulet)
rElec    .         Reflect  .   x - ring "Fugivin" {+Blink MP-9 Str+4 Slay+1}
rCorr    .         Harm     .   (no ring)
MR       .....                  (no ring)
Stlth    +++.......             (no ring)
HPRegen  0.15/turn              (no ring)
MPRegen  0.07/turn              (no ring)
                                (no ring)
                                (no ring)

@: weakened
A: almost no armour, stealthy swim, amphibious, 8 rings, constrict 8, camouflage
1, clever 1, low mp 1, robust 1, weak 1, gelatinous body 1
a: Renounce Religion, Evoke Blink


You were on level 4 of the Dungeon.
You worshipped Xom.
You were a favourite toy of Xom.
You were not hungry.

You visited 1 branch of the dungeon, and saw 4 of its levels.

You collected 172 gold pieces.

Inventory:

Hand Weapons
 a - a +0 spear of chaos (weapon)
 l - a +1 dagger of speed
 v - a +2 quarterstaff of chaos
Missiles
 u - 2 tomahawks (quivered)
Armour
 q - a +0 shield (worn)
Jewellery
 x - the ring "Fugivin" (left tentacle) {+Blink MP-9 Str+4 Slay+1}
   (You found it on level 4 of the Dungeon)

   [ring of slaying]

   It affects your strength (+4).
   It affects your accuracy and damage with ranged weapons and melee attacks
   (+1).
   It affects your magic capacity (-9).
   It lets you blink.
Scrolls
 c - a scroll of enchant armour {unknown}
 d - a scroll of noise {unknown}
 j - a scroll of amnesia {unknown}
 k - a scroll of fog
 m - a scroll of fear {unknown}
 o - a scroll of remove curse {unknown}
 r - a scroll of random uselessness {unknown}
 s - a scroll of immolation {unknown}
Potions
 f - a potion of flight
 g - a potion of agility
 i - a potion of invisibility
 n - a potion of resistance
 p - a potion of cancellation
 w - a potion of curing
Comestibles
 b - 8 rations
 t - 3 chunks of flesh


   Skills:
 + Level 4.1 Fighting
 + Level 4.5 Polearms
 + Level 3.6 Dodging
 + Level 2.6 Stealth
 + Level 0.3 Shields


You had 5 spell levels left.
You didn't know any spells.
Your spell library was empty.

Dungeon Overview and Level Annotations

Branches:
Dungeon (4/15)
 Temple: D:4-7

Altars:
Gozag
Okawaru
Ru
Sif Muna
Trog
Uskayaw
Xom


Innate Abilities, Weirdness & Mutations

You cannot wear most types of armour.
You are very stealthy in the water. (Stealth+)
You are amphibious.
You can wear up to eight rings at the same time.
You can use your tentacles to constrict eight enemies at once.
Your skin changes colour to match your surroundings (Stealth+).
Your rubbery body absorbs attacks. (AC +1, EV +1)
Your mind is acute. (Int +2)
Your magical capacity is low. (-10% MP)
You are robust. (+10% HP)
You are weak. (Str -2)


Message History

The orc wizard flickers and vanishes!
You hit something. Something hits you! Something barely misses you.
The orc hits you.
A scorpion comes into view.
You hit something.
Nothing appears to happen.
You squeeze something. Something hits you.
* * * LOW HITPOINT WARNING * * *
Something hits you.
* * * LOW HITPOINT WARNING * * *
The orc hits you.
* * * LOW HITPOINT WARNING * * *
You feel better. Something hits you. Something hits you but does no damage.
The orc hits you.
* * * LOW HITPOINT WARNING * * *
As you read the scroll labeled YSHICZ SULIQ, it crumbles to dust.
The scroll dissolves into smoke.
It was a scroll of fog.
Something hits you!
* * * LOW HITPOINT WARNING * * *
Something hits you!
You die...
Xom snickers!

.# #.# #........
## #.# #........
#####.# ##....o...
##....# #.....s...
##.#### #........o
#..# #...o.....
..## #a§.(.....
..## #{oo......
...# #@########
...#### ##§#
......### #§§#
..###...#######.##
..# ###.....##...#
..# #####.##...#
... #.##...# .#
#......# #
####...#


You could see a scorpion, a worker ant, an orc priest (wandering) and 3 orcs.

Vanquished Creatures
  A crimson imp (D:4)
  Crazy Yiuf (D:3)
  8 adders
  An ooze (D:1)
  2 worms (D:2)
  10 orcs
  3 giant cockroaches
  4 goblins
  7 hobgoblins
  6 jackals
  A quokka (D:3)
  A ball python (D:2)
  9 bats
  4 frilled lizards
  5 kobolds
  5 rats
  A fungus (D:3)
69 creatures vanquished.

Notes
Turn   | Place    | Note
-------+----------+-------------------------------------------
     0 | D:1      | Marnok the Octopode Chaos Knight began the quest for the
                  | Orb.
     0 | D:1      | Reached XP level 1. HP: 16/16 MP: 1/1
   113 | D:1      | Reached XP level 2. HP: 19/21 MP: 2/2
   196 | D:1      | XOM: harmless Air miscast
   345 | D:1      | XOM: harmless Hex miscast
   469 | D:1      | XOM: harmless Conj miscast
   796 | D:1      | Reached XP level 3. HP: 26/26 MP: 3/3
   889 | D:2      | Reached skill level 1 in Stealth
   905 | D:2      | Reached XP level 4. HP: 28/33 MP: 4/4
   941 | D:2      | Found a hide-covered altar of Uskayaw.
   941 | D:2      | Found a bloodstained altar of Trog.
   952 | D:2      | Found an opulent altar of Gozag.
   954 | D:2      | Found a sacrificial altar of Ru.
   955 | D:2      | Found a shimmering altar of Xom.
  1473 | D:2      | Found a deep blue altar of Sif Muna.
  1486 | D:2      | XOM: harmless Ice miscast
  1677 | D:2      | XOM: harmless Air miscast
  1684 | D:2      | XOM: harmless Hex miscast
  1913 | D:3      | Found an iron altar of Okawaru.
  2199 | D:3      | Reached XP level 5. HP: 35/37 MP: 5/5
  2351 | D:3      | Found a runed translucent door.
  2352 | D:3      | Noticed Crazy Yiuf
  2363 | D:3      | Killed Crazy Yiuf
  2771 | D:4      | XOM: smoke on damage
  2818 | D:4      | Got a warped amber ring
  2846 | D:4      | Identified the ring "Fugivin" {+Blink MP-9 Str+4 Slay+1}
                  | (You found it on level 4 of the Dungeon)
  2862 | D:4      | Gained mutation: You are weak. (Str -2) [potion of
                  | mutation]
  2862 | D:4      | Gained mutation: Your mind is acute. (Int +2) [potion of
                  | mutation]
  2862 | D:4      | Gained mutation: Your magical capacity is low. (-10% MP)
                  | [potion of mutation]
  2862 | D:4      | Gained mutation: You are robust. (+10% HP) [potion of
                  | mutation]
  2873 | D:4      | XOM: confuse monster(s)
  2875 | D:4      | XOM: medium Tmut miscast
  2876 | D:4      | Reached XP level 6. HP: 38/47 MP: 0/5
  2880 | D:4      | Slain by a centaur skeleton

Skill      XL: |  1  2  3  4  5 |
---------------+----------------+-----
Stealth        | 1 2 |  2.6
Dodging        | 3 |  3.6
Polearms       | 4 |  4.5
Fighting       | 4 |  4.1
Shields        | |  0.3

Action                   |  1- 3 |  4- 6 || total
-------------------------+-------+-------++-------
Melee: Spear             |    50 |   116 ||   166
       Constrict         |    19 |    27 ||    46
       Tentacles         |     8 |    21 ||    29
  Use: Scroll            |       |     9 ||     9
       Potion            |       |     2 ||     2
 Stab: Sleeping          |     2 |     5 ||     7
       Distracted        |       |     1 ||     1
       Confused          |       |     1 ||     1
  Eat: Chunk             |       |     6 ||     6
Armor: Skin              |    14 |    11 ||    25
Dodge: Dodged            |    48 |    60 ||   108
Block: Shield            |       |    17 ||    17
